 Dungeon Crawl Stone Soup version 0.26-a0-651-gb41185065b (webtiles) character file.

Game seed: 16379041907054670437

(classic levelgen) 12367 EnegeticOcto the Cleaver (level 11, 0/104 HPs)
             Began as a Deep Dwarf Fighter on Oct 14, 2020.
             Was an Elder of Makhleb.
             Slain by a red ugly thing (20 damage)
             ... on level 11 of the Dungeon.
             The game lasted 00:04:41 (6229 turns).

EnegeticOcto the Cleaver (Deep Dwarf Fighter)       Turns: 6229, Time: 00:04:41

Health: 0/104      AC: 16    Str: 24    XL:     11   Next: 61%
Magic:  7/7        EV:  9    Int:  8    God:    Makhleb [****..]
Gold:   499        SH:  0    Dex: 14    Spells: 10/10 levels left

rFire    . . .     SeeInvis .   v - +7 battleaxe (flame)
rCold    . . .     Faith    .   (shield currently unavailable)
rNeg     . . .     Spirit   .   q - +0 plate armour
rPois    .         Reflect  .   o - +0 helmet
rElec    .         Harm     .   (no cloak)
rCorr    .         Rampage  .   y - +0 pair of gloves
MR       +....                  (no boots)
Stlth    ..........             (no amulet)
HPRegen  0.00/turn              (no ring)
MPRegen  0.10/turn              (no ring)

@: non-regenerating
A: damage resistance, heal wounds, agile 1, blurry vision 1, sense surroundings
2, no regeneration
a: Heal Wounds, Minor Destruction, Lesser Servant of Makhleb, Major Destruction,
Renounce Religion


You were on level 11 of the Dungeon.
You worshipped Makhleb.
Makhleb was greatly pleased with you.
You visited 2 branches of the dungeon, and saw 12 of its levels.
You visited the Abyss 1 time.

You collected 559 gold pieces.
You spent 60 gold pieces at shops.

Inventory:

Hand Weapons
 v - a +7 battleaxe of flaming (weapon)
 x - a +1 short sword of distortion
Missiles
 s - 5 throwing nets (quivered)
Armour
 o - a +0 helmet (worn)
 q - a +0 plate armour (worn)
 y - a +0 pair of gloves (worn)
Wands
 m - a wand of iceblast (14) {@v2}
 n - a wand of enslavement (11)
 w - a wand of digging (4) {@v3}
Scrolls
 a - a scroll of identify {@r1}
 c - a scroll of summoning {unknown}
 e - 2 scrolls of immolation {@r4}
 g - 4 scrolls of teleportation {@r3}
 j - 2 scrolls of fog
 p - a scroll of blinking
 r - 3 scrolls of remove curse {@r2}
Potions
 b - a potion of lignification {unknown}
 d - a potion of might {@q3}
 f - 2 potions of resistance {@q5}
 h - 2 potions of haste {@q4}
 i - a potion of stabbing {unknown}
 k - 3 potions of ambrosia {unknown}
 l - a potion of invisibility {unknown}
 t - 4 potions of heal wounds {@q2}
 u - 2 potions of berserk rage {unknown}


   Skills:
 * Level 8.5 Fighting
 * Level 11.9 Axes
 + Level 9.1 Armour
 + Level 4.2 Dodging
   Level 7.9 Shields
 + Level 8.1 Invocations


You had 10 spell levels left.
You didn't know any spells.
Your spell library was empty.

Dungeon Overview and Level Annotations

Branches:
Dungeon (11/15)            Temple (1/1) D:5
   Lair: D:8-11         Orc: D:9-12

Altars:
Cheibriados
Dithmenos
Fedhas
Gozag
Hepliaklqana
Makhleb
Nemelex Xobeh
Okawaru
Qazlal
Ru
Sif Muna
Trog
Uskayaw
Vehumet
Xom
Yredelemnul
Zin
The Shining One

Shops:
D:5 *

Annotations:
D:7 1 exclusion
D:8 3 runed translucent doors, PanSaczeczos's ghost, novice MfVM


Innate Abilities, Weirdness & Mutations

You are resistant to damage.
You can heal yourself by infusing magical energy.
You passively map the area around you.
You do not regenerate.
You are agile. (Dex +2)
Scrolls take you a little longer to read.


Message History

You are too injured to fight recklessly!
You are too injured to fight recklessly!
You are too injured to fight recklessly!
You are too injured to fight recklessly!
You are too injured to fight recklessly!
You are too injured to fight recklessly!
You are too injured to fight recklessly!
You are too injured to fight recklessly!
You are too injured to fight recklessly!
You are too injured to fight recklessly!
You are too injured to fight recklessly!
You are too injured to fight recklessly!
You are too injured to fight recklessly!
You are too injured to fight recklessly!
You are too injured to fight recklessly!
You are too injured to fight recklessly!
You are too injured to fight recklessly!
You are too injured to fight recklessly!
You are too injured to fight recklessly!
You feel much better.
The orc priest invokes the aid of Beogh against you.
Pain shoots through your body! The red ugly thing misses you.
You feel much better.
The orc priest calls down the wrath of Beogh upon you.
Beogh smites you!
The red ugly thing completely misses you.
The gargoyle hits you but does no damage.
A four-headed hydra comes into view.
The phantom closely misses you.
The four-headed hydra roars!
You slash the red ugly thing! You burn the red ugly thing.
The red ugly thing is heavily wounded.
You slash the phantom! You burn the phantom.
You hit the gargoyle but do no damage.
The orc priest hits you but does no damage.
The red ugly thing barely misses you. The phantom barely misses you.
The gargoyle hurls a stone arrow at you.
The stone arrow misses you.
The red ugly thing kicks you but does no damage.
You slash the red ugly thing! You burn the red ugly thing.
The red ugly thing is severely wounded.
You hit the gargoyle but do no damage. You slash the phantom!
You burn the phantom.
The orc priest hits you from afar with a +0 trident.
The phantom blinks!
The gargoyle hits you but does no damage.
The red ugly thing kicks you.
You are engulfed in flames!
You hit the red ugly thing.
The red ugly thing is almost dead.
You hit the gargoyle but do no damage.
The orc priest hits you but does no damage.
The phantom blinks!
The gargoyle hits you with a +0 morningstar.
The red ugly thing kicks you.
You are engulfed in flames!!
* * * LOW HITPOINT WARNING * * *
You are too injured to fight recklessly!
You are too injured to fight recklessly!
You are too injured to fight recklessly!
You are too injured to fight recklessly!
You are too injured to fight recklessly!
You are too injured to fight recklessly!
You are too injured to fight recklessly!
You are too injured to fight recklessly!
You are too injured to fight recklessly!
You are too injured to fight recklessly!
You are too injured to fight recklessly!
You are too injured to fight recklessly!
You are too injured to fight recklessly!
You are too injured to fight recklessly!
You are too injured to fight recklessly!
You are too injured to fight recklessly!
You are too injured to fight recklessly!
Your magical essence is drained by the effort!
You feel much better.
The orc priest invokes the aid of Beogh against you.
You easily resist.
The gargoyle barely misses you.
The red ugly thing kicks you but does no damage.
You fail to use your ability.
The orc priest hits you but does no damage.
The gargoyle hits you with a +0 morningstar!
The phantom completely misses you. The red ugly thing kicks you!
You are engulfed in flames!
* * * LOW HITPOINT WARNING * * *
You are too injured to fight recklessly!
You are too injured to fight recklessly!
You are too injured to fight recklessly!
You are too injured to fight recklessly!
You are too injured to fight recklessly!
You are too injured to fight recklessly!
You are too injured to fight recklessly!
You are too injured to fight recklessly!
You are too injured to fight recklessly!
You are too injured to fight recklessly!
You are too injured to fight recklessly!
You fail to use your ability.
The orc priest hits you but does no damage.
The phantom hits you. The red ugly thing kicks you.
* * * LOW HITPOINT WARNING * * *
You are engulfed in flames!!
You die...

, ,,, ,
,,..... ,
..... ......
* , ,, ...>..
, , ,
......#####,
,
..........#.#
,
.....o9uW...#
, , ,
......D@#, *
, , ......[)#
, ##....#.. ,
######.## ,,,
* ..# ** * *,
### * * *, *
*


You could see a four-headed hydra, a red ugly thing, a phantom, a gargoyle and
an orc priest.

Vanquished Creatures
  Erolcha (D:10)
  Harold (D:9)
  The ghost of Sassenached the Carver, a novice DrWn of Gozag (D:10)
  2 kobold demonologists (D:10)
  A polar bear (D:10)
  5 hippogriffs
  A meliai zombie (D:10)
  Sigmund (D:4)
  15 yaks
  A wraith (D:10)
  A soldier ant (D:10)
  A water moccasin (D:5)
  An orc warrior (D:4)
  Duvessa (D:5)
  3 sky beasts
  2 black bears (D:7)
  6 ice beasts
  A phantom (D:7)
  A wolf (D:10)
  6 ogres
  4 centaurs
  10 big kobolds
  7 bullfrogs
  5 scorpions
  Dowan (D:5)
  8 killer bees (D:7)
  13 wights
  2 howler monkeys
  A quasit (D:9)
  3 hounds
  A jelly (D:6)
  11 orc wizards
  10 orc priests
  3 iguanas
  5 worker ants
  A hound zombie (D:8)
  A mummy (D:7)
  2 howler monkey zombies
  10 adders
  11 gnolls
  3 shadow imps
  A white imp (D:8)
  A worker ant simulacrum (D:10)
  6 ufetubi
  An ooze (D:4)
  An adder zombie (D:5)
  A worm (D:4)
  A dart slug (D:4)
  3 leopard geckos
  34 orcs
  3 ball pythons
  3 bats
  8 giant cockroaches
  A goblin (D:3)
  6 hobgoblins
  5 jackals
  6 kobolds
  2 quokkas
  A ball python skeleton (D:4)
  3 frilled lizards
  A quokka zombie (D:8)
  A rat (D:3)
253 creatures vanquished.

Vanquished Creatures (others)
  7 plants
7 creatures vanquished.

Grand Total: 260 creatures vanquished

Notes
Turn   | Place    | Note
-------+----------+-------------------------------------------
     0 | D:1      | EnegeticOcto the Deep Dwarf Fighter began the quest for the
                  | Orb.
     0 | D:1      | Reached XP level 1. HP: 20/20 MP: 1/1
   158 | D:2      | Reached XP level 2. HP: 21/27 MP: 2/2
   317 | D:3      | Reached skill level 3 in Axes
   317 | D:3      | Reached XP level 3. HP: 24/34 MP: 3/3
   348 | D:3      | Reached XP level 4. HP: 29/42 MP: 3/3
   383 | D:3      | Reached skill level 4 in Axes
   388 | D:3      | Reached XP level 5. HP: 27/49 MP: 4/4
   501 | D:4      | Noticed an ogre
   517 | D:4      | Killed an ogre
   537 | D:4      | Found a sparkling altar of Nemelex Xobeh.
   592 | D:4      | Reached XP level 6. HP: 43/57 MP: 5/5
   593 | D:4      | Found a glowing golden altar of the Shining One.
   784 | D:4      | Reached skill level 5 in Axes
   786 | D:4      | Noticed an orc warrior
   816 | D:4      | Killed an orc warrior
   816 | D:4      | Reached XP level 7. HP: 40/64 MP: 6/6
   858 | D:4      | Reached skill level 5 in Armour
   858 | D:4      | Reached skill level 5 in Shields
   896 | D:4      | Noticed Sigmund
   917 | D:4      | Killed Sigmund
   917 | D:4      | Reached skill level 6 in Axes
  1095 | D:4      | Found a snail-covered altar of Cheibriados.
  1191 | D:5      | Entered Level 5 of the Dungeon
  1221 | D:5      | Reached XP level 8. HP: 51/73 MP: 6/6
  1224 | D:5      | Found a staircase to the Ecumenical Temple.
  1249 | D:5      | Reached skill level 7 in Axes
  1274 | Temple   | Entered the Ecumenical Temple
  1519 | Temple   | Became a worshipper of Makhleb the Destroyer
  1583 | D:5      | Found Neruusk's Assorted Antiques.
  1588 | D:5      | Bought a scroll labeled ITEETO LOGHESCHE for 30 gold pieces
  1588 | D:5      | Bought a scroll labeled VABBAUCSAU for 30 gold pieces
  1627 | D:5      | Found a transporter.
  1631 | D:5      | Noticed Dowan
  1633 | D:5      | Noticed Duvessa
  1642 | D:5      | Killed Dowan
  1642 | D:5      | Reached skill level 1 in Invocations
  1665 | D:5      | Killed Duvessa
  1685 | D:5      | Reached skill level 5 in Fighting
  2068 | D:5      | Found a transporter.
  2188 | D:5      | Found a shimmering blue altar of Sif Muna.
  2319 | D:5      | Reached skill level 8 in Axes
  2409 | D:6      | Noticed a hippogriff
  2419 | D:6      | Gained mutation: You passively map the area around you.
                  | [Deep Dwarf growth]
  2419 | D:6      | Reached XP level 9. HP: 41/81 MP: 9/9
  2563 | D:6      | Reached * piety under Makhleb
  2591 | D:6      | Reached skill level 9 in Axes
  3122 | D:6      | Found an iron altar of Okawaru.
  3324 | D:7      | Reached skill level 5 in Invocations
  3450 | D:7      | Reached XP level 10. HP: 38/91 MP: 7/9
  3458 | D:7      | Reached skill level 10 in Axes
  3692 | D:7      | Reached ** piety under Makhleb
  4520 | D:8      | Identified a scroll of acquirement
  4520 | D:8      | Acquired a +2 battleaxe of flaming
  4651 | D:8      | Found a runed translucent gate.
  4652 | D:8      | Found a runed translucent gate.
  4652 | D:8      | Found a runed translucent gate.
  4653 | D:8      | Noticed PanSaczeczos's ghost (novice MfVM)
  4735 | D:9      | Noticed Harold
  4745 | D:9      | Killed Harold
  4745 | D:9      | Reached skill level 1 in Dodging
  5098 | D:9      | Reached skill level 11 in Axes
  5201 | D:9      | Found a glowing silver altar of Zin.
  5435 | D:9      | Reached *** piety under Makhleb
  5561 | D:10     | Entered Level 10 of the Dungeon
  5562 | D:10     | Noticed Erolcha
  5579 | D:10     | Killed Erolcha
  5579 | D:10     | Reached XP level 11. HP: 82/100 MP: 9/9
  5799 | D:10     | Found a runed translucent gate.
  5799 | D:10     | Found a runed translucent gate.
  5799 | D:10     | Noticed Sassenached's ghost (novice DrWn)
  5800 | D:10     | Found a runed translucent gate.
  6105 | D:10     | Killed Sassenached's ghost
  6114 | D:10     | Gained mutation: Scrolls take you a little longer to read.
                  | [a neqoxec]
  6117 | D:10     | Gained mutation: You are agile. (Dex +2) [a neqoxec]
  6125 | D:10     | Cast into level 1 of the Abyss (big kobold)
  6140 | D:10     | Escaped the Abyss
  6198 | D:11     | Reached **** piety under Makhleb
  6202 | D:11     | Noticed a red ugly thing
  6223 | D:11     | Noticed a four-headed hydra
  6229 | D:11     | Slain by a red ugly thing

Illustrated notes

Levels and vault maps discovered:
D:1:      heliophobic_arrival_enchanted_forest, layout_basic
D:2:      layout_basic, old_standard_altar
D:3:      layout_basic, ashenzari_altar_1, lemuel_doored_altar
D:4:      layout_cave_pools, lemuel_coloured_pillars_altar, lemuel_round_altar,
          nicolae_overflow_crystal_walls, minivault_11,
          hangedman_minor_gate_pass, uniq_sigmund
D:5:      gammafunk_cloud_chamber, layout_rooms, kennysheep_mini,
          minmay_temple_entry_steel_oval, serial_shops, shop,
          chequers_big_river, uniq_duvessa
D:6:      layout_cave_pods, lemuel_crystal_altar
D:7:      layout_basic, lemuel_mausoleum_altar_kikubaaqudgha, item_on_display_a
D:8:      layout_rooms, ebering_ghost_rock_garden, glass_columns_a
D:9:      layout_gridville, lemuel_crystal_altar, uniq_harold
D:10:     layout_rooms, serial_ice, serial_ice_d, serial_ice_l, serial_ice_o,
          serial_ice_g, gammafunk_ghost_nasty_kobolds, uniq_erolcha
D:11:     minmay_bloctagon, layout_basic, due_lair_maze_entry_diamond,
          enter_bailey_8, serial_shops, shop, shop, nicolae_shop_trees,
          nicolae_shop_behind_doors
Temple:   hc_temple_tempest_star

Skill      XL: |  1  2  3  4  5  6  7  8  9 10 11 |
---------------+----------------------------------+-----
Fighting       | 3 4 5 6 7 8 |  8.5
Axes           | 3 4 5 6 8 9 11 | 11.9
Shields        | 4 5 6 7 |  7.9
Armour         | 4 5 6 7 8 9 |  9.1
Invocations    | 3 5 7 8 |  8.1
Dodging        | 2 4 |  4.2

Action                   |  1- 3 |  4- 6 |  7- 9 | 10-12 || total
-------------------------+-------+-------+-------+-------++-------
Melee: War axe           |    67 |   108 |   428 |   140 ||   743
       Battleaxe         |       |       |       |   191 ||   191
 Abil: Heal Wounds       |     1 |    11 |    17 |    10 ||    39
  Use: Scroll            |       |       |    11 |     7 ||    18
Armor: Scale mail        |    38 |    68 |       |       ||   106
       Plate armour      |       |       |   261 |   247 ||   508
Dodge: Dodged            |    32 |    48 |    75 |   146 ||   301
Block: Kite shield       |    41 |    80 |   269 |    94 ||   484

Table legend: (Time is in decaauts)
 A = Elapsed time spent in this place.
 B = Non-inter-level travel time spent in this place.
 C = Inter-level travel time spent in this place.
 D = Time resting spent in this place.
 E = Time spent auto-exploring this place.
 F = Levels seen in this place.
 G = Mean time per level.
                   A        B        C        D        E       F      G
               +--------+--------+--------+--------+--------+-----+--------+
         Total |   6448 |   6072 |    376 |    124 |   4191 |  13 |  496.0 |
       Dungeon |   6148 |   5818 |    330 |    124 |   3943 |  11 |  558.9 |
        Temple |    285 |    239 |     46 |      0 |    236 |   1 |  285.0 |
         Abyss |     14 |     14 |      0 |      0 |     11 |   1 |   14.0 |
               +--------+--------+--------+--------+--------+-----+--------+

Top non-repeatable levels by time:
     D:5: 964 daAuts
     D:6: 923 daAuts
     D:9: 896 daAuts
     D:7: 837 daAuts
     D:4: 803 daAuts
    D:10: 635 daAuts
     D:8: 576 daAuts
  Temple: 285 daAuts
     D:2: 185 daAuts
     D:3: 158 daAuts
     D:1: 133 daAuts
    D:11: 34 daAuts
 Abyss:1: 14 daAuts
